 Dungeon Crawl Stone Soup version 0.31-a0-986-g5e6e4ef867 (webtiles) character file.

Game seed: 3674969066396847352

119 mandarbmax the Cutter (level 5, -2/42 HPs)
             Began as a Vine Stalker Fighter on Nov 17, 2023.
             Slain by Grinder (7 damage)
             ... on level 3 of the Dungeon on Nov 18, 2023.
             The game lasted 00:03:18 (1305 turns).

mandarbmax the Cutter (Vine Stalker Fighter)        Turns: 1305, Time: 00:03:20

Health: -2/42      AC:  6    Str: 24    XL:     5   Next: 3%
Magic:  0/6        EV:  9    Int:  8    God:
Gold:   44         SH:  5    Dex: 16    Spells: 4/4 levels left

rFire   + . .        a - +0 rapier
rCold   . . .        c - +0 buckler
rNeg    . . .        b - +0 scale mail
rPois   .            (no helmet)
rElec   .            r - scarf {harm}
rCorr   .            (no gloves)
SInv    .            (no boots)
Will    .....        (no amulet) Stlth
                     k - +6 ring of strength
HPRegen 1.07/turn    m - ring of protection from fire
MPRegen 0.10/turn

%: harm (+30% outgoing, +20% incoming), guardian spirit
@: berserking (expiring), very quick
A: fangs 2, regeneration 1, magic shield, antimagic bite, no potion heal 2
a: no special abilities


You were on level 3 of the Dungeon.
You visited 1 branch of the dungeon, and saw 3 of its levels.

You collected 104 gold pieces.
You spent 60 gold pieces at shops.

Inventory:

Hand Weapons
 a - a +0 rapier (weapon)
Missiles
 s - 2 poisoned darts (quivered)
Armour
 b - a +0 scale mail (worn)
 c - a +0 buckler (worn)
 r - a scarf of harm (worn)
Jewellery
 k - a +6 ring of strength (left hand)
 m - a ring of protection from fire (right hand)
 o - a ring of protection from fire
 x - a ring of willpower
Scrolls
 j - a scroll of enchant weapon {unknown}
 l - a scroll of noise {unknown}
 n - a scroll of teleportation {unknown}
 q - a scroll of silence {unknown}
 t - a scroll of amnesia {unknown}
 u - a scroll of enchant armour {unknown}
 w - a scroll of identify {unknown}
Potions
 d - a potion of might
 e - a potion of berserk rage
 f - a potion of attraction {unknown}
 g - a potion of curing {unknown}
 h - a potion of heal wounds {unknown}
 i - 2 potions of enlightenment {unknown}
 p - a potion of mutation {unknown}
 v - a potion of magic {unknown}


   Skills:
 - Level 3.0 Fighting
 * Level 3.7 Short Blades
 - Level 3.0 Armour
 - Level 3.0 Shields


You had 4 spell levels left.
You didn't know any spells.
Your spell library was empty.

Dungeon Overview and Level Annotations

Branches:
Dungeon (3/15)

Altars:

Shops:
D:2 !

Annotations:
D:3 Grinder


Innate Abilities, Weirdness & Mutations

You have extremely sharp teeth.
Your natural rate of healing is unusually fast.
When hurt, damage is shared between your health and your magic reserves.
Your bite disrupts and absorbs the magic of your enemies.
Potions cannot restore your health.


Message History

Grinder shouts!
Grinder is nearby!
You barely miss Grinder. Grinder gestures at you.
You suddenly lose the ability to move!
Grinder blinks!
You can move again.
Grinder hits you.
You writhe in agony.
Unknown command.
You barely miss Grinder. You bite Grinder, but do no damage. Grinder hits you.
You writhe in agony.
You hit Grinder but do no damage. Grinder hits you but does no damage.
Unknown command.
You hit Grinder. Your bite misses Grinder.
Grinder is lightly wounded.
Grinder barely misses you.
Unknown command.
You barely miss Grinder.
Grinder is lightly wounded.
Grinder gestures at you. Pain shoots through your body!
* * * LOW HITPOINT WARNING * * *
Unknown command.
Unknown command.
A red film seems to cover your vision as you go berserk!
You feel yourself moving faster!
You feel mighty!
Grinder blinks!
Found 18 gold pieces.
You feel a strong urge to attack something.
You feel your anger nearly subside. You block Grinder's attack.
You completely miss Grinder.
Grinder is lightly wounded.
Grinder barely misses you.
You closely miss Grinder. Your bite misses Grinder.
Grinder is lightly wounded.
Grinder hits you!
* * * LOW HITPOINT WARNING * * *
You writhe in agony.
You die...
Grinder says, "Now the real fun starts!"

..)..# .#.#. .##....... ....
## .# ..#.#<# #.#.#.# .#
.#.#.. #.....#
###.#...####.....######
..........$............
.####.#..# #..##.# .# #.#...
#[.##.## .# #.# #..@#..# .#
#.# #.#.5#.# .####.#
#.##...### ...##.####
#.####...# .#.......# #.#
#...# .#.......#. #.#
###.### ##......%##.##.#
###...##### #.......# ...#
#.........#
#.......#####.####.........#


You could see Grinder.

Vanquished Creatures
  An orc wizard (D:3)
  3 adders (D:2)
  A worm (D:2)
  2 dart slugs
  An orc (D:2)
  6 bats
  4 endoplasms
  3 giant cockroaches
  4 goblins (D:2)
  5 hobgoblins
  11 jackals (D:1)
  A quokka (D:1)
  4 ball pythons
  A frilled lizard (D:2)
  5 kobolds
  4 rats
56 creatures vanquished.

Notes
Turn   | Place    | Note
-------+----------+-------------------------------------------
     0 | D:1      | mandarbmax the Vine Stalker Fighter began the quest for the
                  | Orb.
     0 | D:1      | Reached XP level 1. HP: 11/11 MP: 2/2
    64 | D:1      | Reached XP level 2. HP: 16/16 MP: 3/3
   271 | D:1      | Reached XP level 3. HP: 19/19 MP: 2/4
   666 | D:2      | Found Ihosora's Distillery.
   799 | D:2      | Bought a potion of berserk rage for 60 gold pieces
   827 | D:2      | Reached XP level 4. HP: 24/24 MP: 5/5
  1201 | D:3      | Reached XP level 5. HP: 28/28 MP: 6/6
  1291 | D:3      | Noticed Grinder
  1292 | D:3      | Paralysed by Grinder for 3 turns
  1305 | D:3      | Slain by Grinder

Illustrated notes

Levels and vault maps discovered:
D:1:      elethiomel_arrival_shortcut, layout_basic
D:2:      layout_basic, serial_shops, nicolae_shop_just_a_little_nook
D:3:      layout_rooms, st_stairs_10, amethyst_killhole, uniq_grinder

Skill      XL: |  1  2  3  4 |
---------------+-------------+-----
Short Blades   | 2 3 |  3.7
Shields        | 3 |  3.0
Fighting       | 3 |  3.0
Armour         | 3 |  3.0

Action                     |  1- 3 |  4- 6 || total
---------------------------+-------+-------++-------
  Melee: Rapier            |   102 |    85 ||   187
         Bite              |    21 |    22 ||    43
  Throw: Dart              |       |     4 ||     4
    Use: Potion            |       |     1 ||     1
 Armour: Scale mail        |    84 |    51 ||   135
  Dodge: Dodged            |    58 |    43 ||   101
  Block: Buckler           |    22 |    22 ||    44

Table legend: (Time is in decaauts)
 A = Elapsed time spent in this place.
 B = Non-inter-level travel time spent in this place.
 C = Inter-level travel time spent in this place.
 D = Time resting spent in this place.
 E = Time spent auto-exploring this place.
 F = Levels seen in this place.
 G = Mean time per level.
                   A        B        C        D        E       F      G
               +--------+--------+--------+--------+--------+-----+--------+
         Total |   1322 |   1290 |     32 |      0 |    887 |   3 |  440.7 |
       Dungeon |   1322 |   1290 |     32 |      0 |    887 |   3 |  440.7 |
               +--------+--------+--------+--------+--------+-----+--------+

Top non-repeatable levels by time:
     D:1: 611 daAuts
     D:2: 572 daAuts
     D:3: 139 daAuts
